 Dungeon Crawl Stone Soup version 0.24-a0-170-gd8427f5 (webtiles) character file.

Game seed: 11942800799470778260

30838 zero the Cleaver (level 13, -5/105 HPs)
             Began as a Gargoyle Berserker on Mar 11, 2019.
             Was a High Priest of Trog.
             Splashed by an oklob plant's acid (12 damage)
             ... on level 3 of the Lair of Beasts.
             The game lasted 00:20:45 (13980 turns).

zero the Cleaver (Gargoyle Berserker)              Turns: 13980, Time: 00:20:46

Health: -5/105     AC: 32    Str: 35    XL:     13   Next: 54%
Magic:  13/13      EV:  6    Int:  8    God:    Trog [*****.]
Gold:   923        SH: 20    Dex:  9    Spells: 12/12 levels left

rFire    + + .     SeeInvis .   q - +4 hand axe (flame)
rCold    . . .     Gourm    .   D - +0 large shield
rNeg     + + .     Faith    .   E - +2 crystal plate armour
rPois    ∞         Spirit   .   p - +0 helmet
rElec    +         Reflect  .   b - +0 cloak {MR+}
rCorr    .         Harm     .   u - +0 pair of gloves
MR       +....                  (no boots)
Stlth    ..........             (no amulet)
HPRegen  0.27/turn              y - ring "Vubuon" {rF+ rN+}
MPRegen  0.13/turn              l - +4 ring of strength

@: berserking, corroded, very quick
A: fire resistance 1, frail 1, negative energy resistance 1, electricity
resistance, unbreathing, petrification resistance, rot immunity, AC +9
a: Berserk, Trog's Hand, Brothers in Arms, Renounce Religion


You were on level 3 of the Lair of Beasts.
You worshipped Trog.
Trog was extremely pleased with you.
You were hungry.

You visited 4 branches of the dungeon, and saw 18 of its levels.
You also visited: Gauntlet.

You collected 923 gold pieces.

Inventory:

Hand Weapons
 q - a +4 hand axe of flaming (weapon)
 B - a +0 war axe
 G - the +3 hand axe "Goblinslayer" {antimagic, rF+}
   (You found it in a Gauntlet)

   It reduces the magical energy of the wielder, and disrupts the spells and
   magical abilities of those hit.
   Natural abilities and divine invocations are not affected.
   It protects you from fire.
Missiles
 h - 16 tomahawks (quivered)
Armour
 b - a +0 cloak of magic resistance (worn)
 p - a +0 helmet (worn)
 u - a +0 pair of gloves (worn)
 D - a +0 large shield (worn)
 E - a +2 crystal plate armour (worn)
 F - +1 fire dragon scales
 H - a +2 cloak of poison resistance
Jewellery
 f - an uncursed ring of protection from magic
 l - a +4 ring of strength (right hand)
 y - the ring "Vubuon" (left hand) {rF+ rN+}
   (You found it in a Gauntlet)

   [ring of protection from fire]

   It protects you from fire.
   It protects you from negative energy.
 C - a +4 ring of dexterity
Wands
 o - a wand of random effects (65)
 w - a wand of flame (14)
 A - a wand of disintegration (22)
Scrolls
 a - 6 scrolls of teleportation
 j - 7 scrolls of enchant armour
 t - 2 scrolls of fog
 v - a scroll of fear
 z - a scroll of magic mapping
 I - a scroll of blinking
 K - 2 scrolls of remove curse
Potions
 d - 5 potions of agility
 e - a potion of magic
 g - 2 potions of brilliance
 i - 5 potions of heal wounds
 k - 2 potions of haste
 m - 7 potions of curing
 n - a potion of might
 r - 2 potions of flight
 s - 4 potions of invisibility
Miscellaneous
 x - a lightning rod (4/4)
Comestibles
 c - 24 rations


   Skills:
 - Level 8.1 Fighting
 + Level 14.6 Axes
 + Level 10.4 Armour
 - Level 5.0 Dodging
 + Level 10.5 Shields


You had 12 spell levels left.
You didn't know any spells.
Your spell library was empty.

Dungeon Overview and Level Annotations

Branches:
Dungeon (13/15)            Temple (1/1) D:7            Lair (3/6) D:8
  Snake (0/4) Lair:2          Orc (1/2) D:10
  Swamp: Lair:2-4    Shoals: Lair:2-4    Vaults: D:13-14

Altars:
Ashenzari
Cheibriados
Dithmenos
Fedhas
Hepliaklqana
Kikubaaqudgha
Makhleb
Nemelex Xobeh
Ru
Trog
Uskayaw
Xom
Zin

Annotations:
Lair:3 exclusion: oklob plant
Orc:1 Gastronok


Innate Abilities, Weirdness & Mutations

You are resistant to torment.
Your stone body is resilient. (AC +9)
You are immune to poison.
You resist negative energy. (rN+)
You are resistant to electric shocks. (rElec)
You can survive without breathing.
You are immune to petrification.
You are immune to rotting.
Your flesh is heat resistant. (rF+)
You are frail. (-10% HP)


Message History

You slash the oklob plant! You burn the oklob plant.
The oklob plant is severely damaged.
You slash the plant! You burn the plant. You hit the fungus.
You burn the fungus. The oklob plant spits acid at you.
The splash of acid hits you but does no damage.
You are splashed with acid!
* * * LOW HITPOINT WARNING * * *
You hit the oklob plant. You burn the oklob plant.
The oklob plant is severely damaged.
You slash the plant! You burn the plant. You hit the fungus.
You burn the fungus.
You hit the oklob plant but do no damage.
The oklob plant is severely damaged.
You hit the fungus. You burn the fungus. You slash the plant!
You burn the plant. The oklob plant spits acid at you.
The splash of acid hits you but does no damage.
You are splashed with acid!
You die... ################## ## #.#PPPP.##.PPPPPP #PP #.PP%PPPPPPPPPP###P##

... ....####PP.@.%PPP#P#PPPP.PPP
... ........#P...PPPPP#PP#PPPP#PP
..# #.......#P#PP.##.......P#P..#
P.###.......# #PP....≈≈.≈≈..PPPPP
............#PPP##..≈≈≈.≈≈≈..P.PP
............#.P##..≈≈≈≈.≈≈≈≈..PPP
...........(##PPP.≈≈≈≈≈.≈≈≈≈≈.P#P
............#.PPP.≈≈≈≈...≈≈≈≈.PP#
.##.#...##..##PP..≈≈≈≈._.≈≈≈≈.P#P


You could see an oklob plant.

Vanquished Creatures
  A minotaur (Gauntlet)
  A death knight (D:12)
  2 hydras
  Erolcha (D:9)
  A catoblepas (Gauntlet)
  3 two-headed ogres
  A centaur warrior (D:13)
  2 thrashing horrors (Gauntlet)
  An unseen horror (D:11)
  An ugly thing (D:11)
  4 elephants (Lair:3)
  2 cyclopes
  A shining eye (Gauntlet)
  Maurice (D:11)
  A black mamba (Lair:1)
  A centaur skeleton (D:10)
  4 spiny frogs
  2 molten gargoyles (Gauntlet)
  7 komodo dragons
  2 rime drakes
  4 trolls
  A polar bear (Lair:3)
  Grinder (D:6)
  9 blink frogs
  9 slime creatures (D:12)
  6 hippogriffs
  Sigmund (D:5)
  3 small abominations (Gauntlet)
  A wyvern (D:11)
  A yak (Lair:3)
  A hungry ghost (D:8)
  A basilisk (D:12)
  A golden eye (Gauntlet)
  A steam dragon (D:11)
  3 nagas (Lair:2)
  2 wargs (D:8)
  A soldier ant (D:12)
  10 water moccasins
  2 porcupines
  A floating eye (Gauntlet)
  9 orc warriors
  2 sky beasts (D:11)
  An eye of draining (D:10)
  2 ice beasts
  A phantom (D:5)
  5 centaurs
  3 ogres
  7 crocodiles
  Blork the orc (D:6)
  11 bullfrogs
  3 water moccasin skeletons
  A wyvern skeleton (D:13)
  2 scorpions
  5 killer bees (D:9)
  2 electric eels (D:10)
  A howler monkey (D:4)
  A centaur zombie (D:12)
  3 bullfrog zombies (D:12)
  7 crimson imps
  6 hounds
  A gnoll shaman (D:5)
  6 orc priests
  3 jellies
  Terence (D:3)
  3 iguanas
  12 orc wizards
  7 worker ants
  A hound zombie (D:6)
  A hound skeleton (D:5)
  A howler monkey skeleton (D:4)
  8 gnolls
  15 adders
  A shadow imp (D:10)
  3 adder skeletons
  3 worms
  A dart slug (D:1)
  6 leopard geckos
  32 orcs
  2 ball pythons
  4 bats
  5 giant cockroaches
  8 goblins
  7 hobgoblins
  3 jackals (D:1)
  9 kobolds
  3 quokkas
  4 frilled lizards
  A leopard gecko zombie (D:5)
  5 rats
  A butterfly (Lair:1)
  5 fungi
  2 plants
335 creatures vanquished.

Vanquished Creatures (collateral kills)
  A gargoyle (Gauntlet)
1 creature vanquished.

Vanquished Creatures (others)
  3 fungi
  13 toadstools (Lair:3)
16 creatures vanquished.

Grand Total: 352 creatures vanquished

Notes
Turn   | Place    | Note
-------+----------+-------------------------------------------
     0 | D:1      | zero the Gargoyle Berserker began the quest for the Orb.
     0 | D:1      | Reached XP level 1. HP: 14/14 MP: 1/1
    47 | D:1      | Reached skill level 3 in Axes
   249 | D:1      | Reached XP level 2. HP: 19/19 MP: 2/2
   766 | D:1      | Reached XP level 3. HP: 23/23 MP: 3/3
  1111 | D:2      | Reached skill level 4 in Axes
  1289 | D:2      | Found a snail-covered altar of Cheibriados.
  1368 | D:2      | Found a glowing silver altar of Zin.
  1376 | D:2      | Reached XP level 4. HP: 20/28 MP: 4/4
  1381 | D:2      | Found a shimmering altar of Xom.
  1381 | D:2      | Found an ancient bone altar of Kikubaaqudgha.
  1381 | D:2      | Found a bloodstained altar of Trog.
  1394 | D:2      | Reached ** piety under Trog
  1396 | D:2      | Found a hazy altar of Hepliaklqana.
  1396 | D:2      | Found a sacrificial altar of Ru.
  1743 | D:3      | Noticed Terence
  1752 | D:3      | Killed Terence
  1752 | D:3      | Reached skill level 5 in Axes
  1752 | D:3      | Reached XP level 5. HP: 32/32 MP: 5/5
  1999 | D:3      | Found a shattered altar of Ashenzari.
  2060 | D:3      | Found a blossoming altar of Fedhas.
  2736 | D:4      | Reached skill level 6 in Axes
  2736 | D:4      | Reached XP level 6. HP: 37/37 MP: 6/6
  2940 | D:5      | Entered Level 5 of the Dungeon
  2951 | D:5      | Reached skill level 7 in Axes
  2951 | D:5      | Reached XP level 7. HP: 10/41 MP: 7/7
  2957 | D:5      | HP: 2/41 [centaur (5)]
  3354 | D:5      | Reached *** piety under Trog
  3363 | D:5      | Reached skill level 8 in Axes
  3705 | D:5      | Noticed Sigmund
  3718 | D:5      | Reached XP level 8. HP: 46/46 MP: 8/8
  3737 | D:5      | Killed Sigmund
  3737 | D:5      | Reached skill level 9 in Axes
  4095 | D:6      | Noticed Blork the orc
  4103 | D:6      | Killed Blork the orc
  4494 | D:6      | Noticed Grinder
  4518 | D:6      | Killed Grinder
  4839 | D:7      | Reached skill level 10 in Axes
  4870 | D:7      | Found a shadowy altar of Dithmenos.
  5077 | D:7      | Found a staircase to the Ecumenical Temple.
  5329 | Temple   | Entered the Ecumenical Temple
  5415 | D:8      | Reached XP level 9. HP: 41/52 MP: 9/9
  5450 | D:8      | Reached skill level 5 in Fighting
  5451 | D:8      | Found a staircase to the Lair.
  5455 | D:8      | Reached skill level 5 in Armour
  5469 | D:8      | Reached **** piety under Trog
  5734 | D:8      | Found a sparkling altar of Nemelex Xobeh.
  6061 | D:8      | Noticed a two-headed ogre
  6072 | D:8      | Killed a two-headed ogre
  6072 | D:8      | Reached XP level 10. HP: 61/61 MP: 10/10
  6252 | D:9      | Noticed Erolcha
  6262 | D:9      | Killed Erolcha
  6368 | Lair:1   | Entered Level 1 of the Lair of Beasts
  6447 | Lair:1   | Reached skill level 11 in Axes
  6548 | Lair:1   | Noticed a spiny frog
  6674 | Lair:1   | Killed a spiny frog
  6872 | Lair:1   | Noticed a spiny frog
  6885 | Lair:1   | Killed a spiny frog
  7132 | Lair:1   | Noticed a black mamba
  7145 | Lair:1   | Killed a black mamba
  7145 | Lair:1   | Reached skill level 12 in Axes
  7145 | Lair:1   | Reached XP level 11. HP: 44/68 MP: 11/11
  7293 | Lair:1   | Noticed a seven-headed hydra
  7305 | Lair:1   | Killed a one-headed hydra
  8339 | Lair:2   | Reached skill level 13 in Axes
  8714 | D:9      | Found a hide-covered altar of Uskayaw.
  8743 | D:9      | Found a burning altar of Makhleb.
  9263 | D:10     | Entered Level 10 of the Dungeon
  9496 | D:10     | Reached ***** piety under Trog
  9971 | D:10     | Found a staircase to the Orcish Mines.
  9975 | D:10     | Reached skill level 1 in Shields
 10007 | Orc:1    | Entered Level 1 of the Orcish Mines
 10007 | Orc:1    | Noticed Gastronok
 10007 | Orc:1    | Noticed an orc sorcerer
 10113 | D:11     | Noticed a purple ugly thing
 10130 | D:11     | Killed a purple ugly thing
 10179 | D:11     | Noticed Maurice
 10193 | D:11     | Killed Maurice
 10210 | D:11     | Received a gift from Trog
 10283 | D:11     | Killed an unseen horror
 10283 | D:11     | Reached skill level 5 in Shields
 10415 | D:11     | Reached XP level 12. HP: 68/73 MP: 12/12
 10510 | D:11     | Found a gate leading to a gauntlet.
 10519 | Gauntlet | Entered a Gauntlet
 10519 | Gauntlet | Found a transporter.
 10519 | Gauntlet | Found a transporter.
 10519 | Gauntlet | Found a transporter.
 10532 | Gauntlet | Gained mutation: Your body sometimes deteriorates upon
                  | taking damage. [a shining eye]
 10534 | Gauntlet | Gained mutation: Your mind is acute. (Int +2) [a shining
                  | eye]
 10536 | Gauntlet | Gained mutation: You occasionally shout uncontrollably at
                  | your foes. [a shining eye]
 10542 | Gauntlet | Found a transporter.
 10577 | Gauntlet | Found a transporter.
 10592 | Gauntlet | Noticed a thrashing horror
 10592 | Gauntlet | Noticed a thrashing horror
 10602 | Gauntlet | Noticed a dire elephant
 10606 | Gauntlet | Killed a thrashing horror
 10620 | Gauntlet | Killed a thrashing horror
 10624 | Gauntlet | Found a transporter.
 10627 | Gauntlet | Found a large runed translucent door.
 10627 | Gauntlet | Found a large runed translucent door.
 10628 | Gauntlet | Found a large runed translucent door.
 10628 | Gauntlet | Found a large runed translucent door.
 10629 | Gauntlet | Got a pitted brass ring
 10640 | Gauntlet | Found a runed translucent door.
 10640 | Gauntlet | Found a runed translucent door.
 10640 | Gauntlet | Found a large runed translucent door.
 10640 | Gauntlet | Found a large runed translucent door.
 10640 | Gauntlet | Found a large runed translucent door.
 10640 | Gauntlet | Found a large runed translucent door.
 10640 | Gauntlet | Found a large runed translucent door.
 10640 | Gauntlet | Found a large runed translucent door.
 10641 | Gauntlet | Found a large runed translucent door.
 10641 | Gauntlet | Found a large runed translucent door.
 10642 | Gauntlet | Found a large runed translucent door.
 10642 | Gauntlet | Found a large runed translucent door.
 10642 | Gauntlet | Found a large runed translucent door.
 10642 | Gauntlet | Found a large runed translucent door.
 10643 | Gauntlet | Noticed a catoblepas
 10643 | Gauntlet | Found a runed translucent gate.
 10643 | Gauntlet | Found a runed translucent gate.
 10643 | Gauntlet | Found a runed translucent gate.
 10644 | Gauntlet | Found a transporter.
 10662 | Gauntlet | Killed a catoblepas
 10708 | Gauntlet | Identified the ring "Vubuon" {rF+ rN+} (You found it in a
                  | Gauntlet)
 10737 | Gauntlet | Noticed a minotaur
 10754 | Gauntlet | Killed a minotaur
 10767 | Gauntlet | Identified Plog's Handbook of Protection
 10768 | Gauntlet | Got a crystal hand axe
 10770 | Gauntlet | Identified the Guide on Lucky Ice
 10822 | Gauntlet | Identified the +3 hand axe "Goblinslayer" {antimagic, rF+}
                  | (You found it in a Gauntlet)
 10833 | Gauntlet | Found a transporter.
 10990 | D:11     | Reached skill level 14 in Axes
 11193 | D:11     | Noticed a two-headed ogre
 11207 | D:11     | Killed a two-headed ogre
 11260 | D:11     | Found a shimmering altar of Xom.
 11423 | D:12     | Noticed a death knight
 11456 | D:12     | Killed a death knight
 11563 | D:12     | Lost mutation: Your body sometimes deteriorates upon taking
                  | damage. [potion of mutation]
 11563 | D:12     | Lost mutation: Your mind is acute. (Int +2) [potion of
                  | mutation]
 11563 | D:12     | Lost mutation: You occasionally shout uncontrollably at
                  | your foes. [potion of mutation]
 11563 | D:12     | Gained mutation: You are frail. (-10% HP) [potion of
                  | mutation]
 11563 | D:12     | Gained mutation: Your flesh is heat resistant. (rF+)
                  | [potion of mutation]
 11831 | D:12     | Found an ancient bone altar of Kikubaaqudgha.
 11875 | D:12     | Reached XP level 13. HP: 70/70 MP: 4/13
 12476 | Lair:2   | Found a staircase to the Snake Pit.
 12499 | Lair:2   | Reached skill level 10 in Shields
 13216 | Lair:3   | Reached skill level 10 in Armour
 13754 | Lair:3   | Reached skill level 5 in Dodging
 13928 | Lair:3   | Found a blossoming altar of Fedhas.
 13980 | Lair:3   | Splashed by an oklob plant's acid

Levels and vault maps discovered:
D:1:      dpeg_arrival_arbitrary_a, layout_basic
D:2:      layout_basic, cheibriados_altar_1, minmay_overflow_temple_hex
D:3:      layout_basic, old_standard_altar, nicolae_ashenzari_panopticon,
          uniq_terence
D:4:      layout_rooms
D:5:      layout_basic, first_ration, kennysheep_generic_room_10, uniq_sigmund
D:6:      layout_rooms, uniq_blork_the_orc, uniq_grinder
D:7:      layout_basic, old_standard_altar, minmay_temple_entry_wispy
D:8:      layout_loops_ring, nemelex_xobeh_ov_fountains_minmay,
          erik_lair_orcish_takeover, grunt_pizzeria
D:9:      layout_rooms, makhleb_heckhound_becter, kennysheep_mini_moat,
          chequers_mini_garden, uniq_erolcha
D:10:     layout_basic, erik_orc_2
D:11:     layout_roguey, basic_altar, gauntlet_entry_generic, hex_medium,
          uniq_maurice
D:12:     layout_basic, basic_altar
D:13:     layout_rooms
Temple:   kb_corrupted_temple
Lair:1:   layout_small_grid, lemuel_fruit_tree, lemuel_fruit_fields
Lair:2:   layout_loops_ring, guppyfry_snake_entry_island, serial_rivers,
          chequers_serial_rivers_micro_a, chequers_serial_rivers_marsh,
          chequers_serial_rivers_micro_e, chequers_serial_rivers_room_b,
          chequers_serial_rivers_small_b, chequers_serial_rivers_small_3,
          serial_bayou_shore_b
Lair:3:   layout_regular_city, tgw_fedhas
Orc:1:    layout_caves, serial_shops, nicolae_shop_waterfront, uniq_gastronok
Gauntlet: gammafunk_gauntlet_hard_choice [nicolae_gauntlet_arena_blocks,
          gammafunk_gauntlet_arena_crates, gammafunk_gauntlet_arena_corners,
          nicolae_gauntlet_swirl, gammafunk_gauntlet_arena_split_x,
          minmay_gauntlet_arena_make_your_own_arena,
          nicolae_gauntlet_exit_dead_adventurers]

Skill      XL: |  1  2  3  4  5  6  7  8  9 10 11 12 13 |
---------------+----------------------------------------+-----
Axes           | 3 4 5 6 7 8 10 12 13 14 | 14.6
Armour         | 3 8 9 10 | 10.4
Fighting       | 4 6 8 |  8.1
Shields        | 5 9 10 | 10.5
Dodging        | 3 5 |  5.0

Action                   |  1- 3 |  4- 6 |  7- 9 | 10-12 | 13-15 || total
-------------------------+-------+-------+-------+-------+-------++-------
Melee: Hand axe          |    96 |   140 |   198 |   671 |    49 ||  1154
       War axe           |       |       |    73 |       |   270 ||   343
Throw: Tomahawk          |       |       |       |    32 |       ||    32
Invok: Berserk           |     1 |     1 |     6 |     9 |     2 ||    19
       Trog's Hand       |       |     2 |     1 |     1 |       ||     4
       Brothers in Arms  |       |       |       |     1 |       ||     1
  Use: Scroll            |     3 |     5 |    11 |     5 |     2 ||    26
       Potion            |       |       |       |     1 |       ||     1
  Eat: Chunk             |     1 |     8 |    16 |    23 |     5 ||    53
       Ration            |       |       |       |     2 |     1 ||     3
Armor: Animal skin       |    30 |    37 |       |       |       ||    67
       Ring mail         |       |     9 |       |       |       ||     9
       Chain mail        |       |    36 |    77 |       |       ||   113
       Scale mail        |       |    10 |       |       |       ||    10
       Plate armour      |       |       |    58 |   242 |       ||   300
       Crystal plate arm |       |       |       |   106 |   163 ||   269
Dodge: Dodged            |    66 |   104 |    91 |   123 |    43 ||   427
Block: Large shield      |       |       |       |   182 |   298 ||   480

Table legend:
 A = Non-vault XP
 B = Vault XP
 C = Vault XP percentage of total XP
 D = Non-vault monster count
 E = Vault monster count
 F = Vault count percentage of total count
                 A         B        C        D         E       F
            +---------+---------+-------+---------+---------+-------
      Total |   34276 |    9779 |  22.2 |     275 |      53 |  16.2
            +---------+---------+-------+---------+---------+-------
        D:1 |      40 |       0 |   0.0 |      19 |       0 |   0.0
        D:2 |      99 |       0 |   0.0 |      21 |       0 |   0.0
        D:3 |      34 |      36 |  51.4 |      14 |       1 |   6.7
        D:4 |     270 |       0 |   0.0 |      16 |       0 |   0.0
        D:5 |     726 |     231 |  24.1 |      20 |       1 |   4.8
        D:6 |     200 |     363 |  64.5 |      10 |       2 |  16.7
        D:7 |     229 |       0 |   0.0 |       5 |       0 |   0.0
        D:8 |    2267 |     710 |  23.8 |      26 |       9 |  25.7
        D:9 |    1022 |     989 |  49.2 |      17 |       2 |  10.5
       D:10 |    1397 |     803 |  36.5 |      13 |      21 |  61.8
       D:11 |    4648 |     480 |   9.4 |      21 |       1 |   4.5
       D:12 |    6477 |       0 |   0.0 |      31 |       0 |   0.0
       D:13 |    1550 |       0 |   0.0 |       8 |       0 |   0.0
     Lair:1 |    4748 |       0 |   0.0 |      16 |       0 |   0.0
     Lair:2 |    4097 |     492 |  10.7 |      19 |       3 |  13.6
     Lair:3 |    6472 |       0 |   0.0 |      19 |       0 |   0.0
   Gauntlet |       0 |    5675 | 100.0 |       0 |      13 | 100.0
            +---------+---------+-------+---------+---------+-------
